 Dungeon Crawl Stone Soup version 0.28-a0-793-g31680bbd8b (webtiles) character file.

Game seed: 7864685226052517111

23 Ijustatesigmund the Shield-Bearer (level 3, -5/35 HPs)
             Began as a Gnoll Fighter on Nov 5, 2021.
             Slain by a kobold (13 damage)
             ... on level 1 of the Dungeon.
             The game lasted 00:00:51 (348 turns).

Ijustatesigmund the Shield-Bearer (Gnoll Fighter)    Turns: 348, Time: 00:00:51

Health: -5/35      AC:  7    Str: 15    XL:     3   Next: 0%
Magic:  3/3        EV:  9    Int:  8    God:
Gold:   28         SH:  5    Dex: 11    Spells: 3/3 levels left

rFire   . . .      SeeInvis .   a - +0 war axe
rCold   . . .      Faith    .   c - +0 buckler
rNeg    . . .      Spirit   .   b - +0 scale mail
rPois   .          Reflect  .   (no helmet)
rElec   .          Harm     .   (no cloak)
rCorr   .          Rampage  .   (no gloves)
Will    .....                   (no boots)
Stlth   ..........              (no amulet)
HPRegen 0.11/turn               (no ring)
MPRegen 0.08/turn               (no ring)

@: no status effects
A: fangs 1, strong nose, distributed training
a: no special abilities


You were on level 1 of the Dungeon.
You visited 1 branch of the dungeon, and saw 2 of its levels.

You collected 28 gold pieces.

Inventory:

Hand Weapons
 a - a +0 war axe (weapon)
Missiles
 f - 11 sling bullets
Armour
 b - a +0 scale mail (worn)
 c - a +0 buckler (worn)
Scrolls
 e - a scroll of identify {unknown}
Potions
 d - a potion of might


   Skills:
 + Level 6.5 Fighting
 + Level 0.5 Short Blades
 + Level 0.5 Long Blades
 + Level 4.5 Axes
 + Level 0.5 Maces & Flails
 + Level 0.5 Polearms
 + Level 0.5 Staves
 + Level 0.5 Slings
 + Level 0.5 Bows
 + Level 0.5 Crossbows
 + Level 0.5 Throwing
 + Level 6.5 Armour
 + Level 0.5 Dodging
 + Level 0.5 Stealth
 + Level 6.5 Shields
 + Level 0.5 Unarmed Combat
 + Level 0.5 Spellcasting
 + Level 0.4 Conjurations
 + Level 0.4 Hexes
 + Level 0.4 Summonings
 + Level 0.4 Necromancy
 + Level 0.4 Translocations
 + Level 0.4 Transmutations
 + Level 0.4 Fire Magic
 + Level 0.4 Ice Magic
 + Level 0.4 Air Magic
 + Level 0.4 Earth Magic
 + Level 0.4 Poison Magic
 + Level 0.7 Invocations
 + Level 0.5 Evocations


You had 3 spell levels left.
You didn't know any spells.
Your spell library was empty.

Dungeon Overview and Level Annotations

Branches:
Dungeon (2/15)

Altars:


Innate Abilities, Weirdness & Mutations

You have very sharp teeth.
Your uncanny sense of smell can sniff out nearby items.
Your experience applies equally to all skills.


Message History

You closely miss the jackal.
The jackal bites you but does no damage.
The giant cockroach closely misses you.
The jackal bites you but does no damage. x2
You slash the jackal!
You kill the jackal!
You closely miss the jackal. You barely miss the giant cockroach.
The jackal completely misses you.
The giant cockroach bites you but does no damage.
The jackal bites you but does no damage.
The giant cockroach bites you but does no damage.
The kobold barely misses you.
You slash the kobold!
You kill the kobold!
You slash the jackal!
You kill the jackal!
You hit the giant cockroach. The giant cockroach barely misses you.
You block the kobold's attack.
You closely miss the giant cockroach.
The giant cockroach is almost dead.
You closely miss the kobold.
The giant cockroach bites you but does no damage.
The jackal closely misses you. The kobold barely misses you.
The giant cockroach bites you but does no damage.
You hit the giant cockroach.
You kill the giant cockroach!
You hit the kobold but do no damage. You hit the jackal but do no damage.
The jackal bites you but does no damage.
The kobold hits you but does no damage.
You are electrocuted!!
Ouch! That really hurt!
* * * LOW HITPOINT WARNING * * *
You block the jackal's attack.
You have reached level 3!
Your experience leads to an increase in your attributes!
Increase (S)trength, (I)ntelligence, or (D)exterity?
You feel clever.
You hit the kobold but do no damage. You hit the jackal.
The jackal bites you but does no damage.
The kobold hits you but does no damage.
You are electrocuted!
You die...

..........'..)..........
..........#.#...........
..........#.#.#...#'####
......†...#.#.#...#.#
..........#.#.#...#.#
..........#.#.#...#.#
..........+.#.#...#.#
..........###.###.#.#
#####..@### ....#
#.hK†...... .....
#.......... #..........
#.......... #.$........
#.......... #..........


You could see a jackal and a kobold.

Vanquished Creatures
  2 dart slugs (D:1)
  2 giant cockroaches (D:1)
  A goblin (D:1)
  3 jackals (D:1)
  2 kobolds
  A quokka (D:1)
  A ball python (D:1)
  3 bats (D:1)
  A frilled lizard (D:1)
  2 rats (D:1)
18 creatures vanquished.

Notes
Turn   | Place    | Note
-------+----------+-------------------------------------------
     0 | D:1      | Ijustatesigmund the Gnoll Fighter began the quest for the
                  | Orb.
     0 | D:1      | Reached XP level 1. HP: 23/23 MP: 1/1
    93 | D:1      | Reached XP level 2. HP: 29/29 MP: 2/2
   348 | D:1      | Reached XP level 3. HP: 8/35 MP: 3/3
   348 | D:1      | Slain by a kobold

Illustrated notes

Levels and vault maps discovered:
D:1:      dpeg_arrival_fog, layout_basic
D:2:      layout_basic, hellmonk_ecumenical_altar_heavens_door

Action                   || total
-------------------------++-------
Melee: War axe           ||    50
       Bite              ||     2
Armor: Scale mail        ||    39
Dodge: Dodged            ||    29
Block: Buckler           ||    21

Table legend: (Time is in decaauts)
 A = Elapsed time spent in this place.
 B = Non-inter-level travel time spent in this place.
 C = Inter-level travel time spent in this place.
 D = Time resting spent in this place.
 E = Time spent auto-exploring this place.
 F = Levels seen in this place.
 G = Mean time per level.
                   A        B        C        D        E       F      G
               +--------+--------+--------+--------+--------+-----+--------+
         Total |    361 |    348 |     13 |      0 |    219 |   2 |  180.5 |
       Dungeon |    361 |    348 |     13 |      0 |    219 |   2 |  180.5 |
               +--------+--------+--------+--------+--------+-----+--------+

Top non-repeatable levels by time:
     D:1: 323 daAuts
     D:2: 38 daAuts
